 Dungeon Crawl Stone Soup version 0.25-a0-287-g56a5b49892 (webtiles) character file.

Game seed: 13885529885488329496, levelgen mode: deterministic

64 MoonlitKnight the Poker (level 4, -4/33 HPs)
             Began as a Merfolk Skald on Dec 12, 2019.
             Slain by Sigmund
             ... wielding a +0 scythe
              (8 damage)
             ... on level 3 of the Dungeon.
             The game lasted 00:06:17 (1853 turns).

MoonlitKnight the Poker (Merfolk Skald)             Turns: 1853, Time: 00:06:17

Health: -4/33      AC:  3    Str: 12    XL:     4   Next: 12%
Magic:  5/7        EV: 12    Int: 12    God:
Gold:   227        SH:  0    Dex: 13    Spells: 1/7 levels left

rFire    x . .     SeeInvis .   a - +0 spear
rCold    + . .     Gourm    .   (no shield)
rNeg     . . .     Faith    .   b - +0 leather armour
rPois    .         Spirit   .   (no helmet)
rElec    .         Reflect  .   (no cloak)
rCorr    .         Harm     .   (no gloves)
MR       .....                  (no boots)
Stlth    +.........             (no amulet)
HPRegen  0.11/turn              j - ring of flight
MPRegen  0.10/turn              s - ring of ice

@: confused
A: change form in water, swift swim, stealthy swim
a: Evoke Flight


You were on level 3 of the Dungeon.
You were very hungry.

You visited 1 branch of the dungeon, and saw 3 of its levels.

You collected 227 gold pieces.

Inventory:

Hand Weapons
 a - a +0 spear (weapon)
Missiles
 f - 11 sling bullets
Armour
 b - a +0 leather armour (worn)
Jewellery
 j - a ring of flight (left hand)
 s - a ring of ice (right hand)
Wands
 l - a wand of enslavement (8)
Scrolls
 i - 2 scrolls of remove curse
 o - a scroll of enchant armour {unknown}
 p - a scroll of identify {unknown}
 q - a scroll of fog {unknown}
 r - a scroll of teleportation {unknown}
Potions
 c - a potion of invisibility {unknown}
 e - 2 potions of curing {unknown}
 g - a potion of haste {unknown}
 h - 3 potions of lignification {unknown}
 k - a potion of brilliance {unknown}
 n - 2 potions of degeneration {unknown}
Comestibles
 d - 6 rations
 m - a chunk of flesh


   Skills:
 - Level 2.1 Fighting
 + Level 4.9 Polearms
 - Level 0.6 Armour
 - Level 2.6 Dodging
 - Level 2.0 Spellcasting
 + Level 4.4 Charms


You had one spell level left.
You knew the following spells:

 Your Spells              Type           Power        Failure   Level  Hunger
a - Infusion              Chrm           ##..         5%          1    ##.....
b - Shroud of Golubria    Chrm/Tloc      #.....       22%         2    ###....
c - Spectral Weapon       Hex/Chrm       #.......     38%         3    ####...

Your spell library contained the following spells:

 Spells                   Type           Power        Failure   Level  Hunger
 Song of Slaying          Chrm           ##......     9%          2    ###....
 Regeneration             Chrm/Necr      #.........   38%         3    ####...


Dungeon Overview and Level Annotations

Branches:
Dungeon (3/15)

Altars:
Fedhas
Trog
Xom
Yredelemnul

Annotations:
D:3 Sigmund


Message History

You resist with some effort.
You barely miss Sigmund.
Sigmund is moderately wounded.
Your spectral weapon hits Sigmund from afar.
Sigmund hits you with a +0 scythe!
* * * LOW HITPOINT WARNING * * *
You bump into the rock wall.
You're too confused to cast spells.
You bump into the rock wall.
Sigmund misses you.
You're too confused to cast spells.
Unknown command.
You're too confused to cast spells.
You hit your spectral weapon but do no damage.
Sigmund hits you with a +0 scythe.
* * * LOW HITPOINT WARNING * * *
You're too confused to cast spells.
You bump into the rock wall.
You're too confused to cast spells.
You bump into the rock wall.
Sigmund hits you with a +0 scythe!
You die...

....รท.....#.#####.#
...###...##.# #.# ...#
##.###.# #.# ...#
#.###.# #.# ...#
#..##.# #.# ####
##.##.# #.# # #.##.#
#.# #
######.##.#####.##### #
#............@@(....# #
#.####.##.#####.###.#
###.####.##.# #.# #.#
.........##.## #(# #.#
........>#...####.###.#
#.#...#...............#
###.#.##......#.###.#
###.#.###.^^....###.#
..#.#.# @^_^.......###


You could see Sigmund and a friendly spectral +0 spear.

Vanquished Creatures
  An ooze (D:1)
  3 dart slugs (D:1)
  3 leopard geckos
  5 giant cockroaches
  4 goblins
  5 hobgoblins
  5 jackals
  2 kobolds
  A quokka (D:3)
  4 bats
  9 frilled lizards
  8 rats
50 creatures vanquished.

Vanquished Creatures (others)
  3 toadstools (D:1)
3 creatures vanquished.

Grand Total: 53 creatures vanquished

Notes
Turn   | Place    | Note
-------+----------+-------------------------------------------
     0 | D:1      | MoonlitKnight the Merfolk Skald began the quest for the
                  | Orb.
     0 | D:1      | Reached XP level 1. HP: 16/16 MP: 3/3
   112 | D:1      | Reached XP level 2. HP: 22/22 MP: 0/5
   458 | D:1      | Reached XP level 3. HP: 26/27 MP: 4/6
   609 | D:1      | Learned a level 2 spell: Shroud of Golubria
   613 | D:1      | Learned a level 3 spell: Spectral Weapon
   924 | D:2      | Found a blossoming altar of Fedhas.
  1146 | D:2      | Found a basalt altar of Yredelemnul.
  1527 | D:3      | Reached XP level 4. HP: 31/33 MP: 1/7
  1672 | D:3      | Found a shimmering altar of Xom.
  1672 | D:3      | Noticed Sigmund
  1701 | D:3      | Found a bloodstained altar of Trog.
  1853 | D:3      | Slain by Sigmund

Levels and vault maps discovered:
D:1:      lemuel_arrival_behind_the_door_small, layout_basic,
          grunt_decor_mini_mirrors, minmay_gold_behind_fungi,
          minmay_tiny_reverse_x
D:2:      layout_basic, fedhas_altar_2, yredelemnul_altar_generic,
          minmay_lizard_king
D:3:      layout_loops_ring, lightli_temple_of_fire, xom_teletrap_fun,
          trog_book, uniq_sigmund

Skill      XL: |  1  2  3 |
---------------+----------+-----
Polearms       | 4 |  4.9
Charms         | 4 |  4.4
Fighting       | |  2.1
Armour         | |  0.6
Dodging        | |  2.6
Spellcasting   | |  2.0

Action                   |  1- 3 |  4- 6 || total
-------------------------+-------+-------++-------
Melee: Spear             |    99 |    25 ||   124
 Cast: Infusion          |    17 |     3 ||    20
       Spectral Weapon   |     1 |     1 ||     2
       Shroud of Golubri |     1 |       ||     1
  Use: Scroll            |     2 |       ||     2
  Eat: Chunk             |     3 |       ||     3
Armor: Leather armour    |    10 |     2 ||    12
Dodge: Dodged            |    54 |    11 ||    65

Table legend:
 A = Non-vault XP
 B = Vault XP
 C = Vault XP percentage of total XP
 D = Non-vault monster count
 E = Vault monster count
 F = Vault count percentage of total count
                 A         B        C        D         E       F
            +---------+---------+-------+---------+---------+-------
      Total |      79 |      13 |  14.1 |      42 |       8 |  16.0
            +---------+---------+-------+---------+---------+-------
        D:1 |      41 |       5 |  10.9 |      19 |       2 |   9.5
        D:2 |      22 |       8 |  26.7 |      14 |       6 |  30.0
        D:3 |      16 |       0 |   0.0 |       9 |       0 |   0.0
            +---------+---------+-------+---------+---------+-------
